Map: Acropolis LE

Players

Ptak

  • Race: Zerg Zerg
  • Spawn Location: 5:00

Probe - Winner!

  • Race: Protoss Protoss
  • Spawn Location: 11:00

Event: NationWars 2019

VOD

Have the link to the VOD?

Description

Time

  • Played on: Oct. 4, 2019, 2:11 p.m.
  • Length: 14:32
Show
View Real Time Build Order
Export as new Build Order

Ptak Zerg 

Build Orders: Hatch First, Swarm Host 

Get SALT Encoding   

  12  0:00  Drone  
  13  0:12  Overlord  
  13  0:16  Drone  
  14  0:31  Drone x2  
  14  0:35  Drone  
  17  0:52  Hatchery  
  17  0:54  Drone  
  17  0:57  Drone  
  18  1:09  Extractor  
  17  1:12  Spawning Pool  
  17  1:15  Drone  
  17  1:18  Drone  
  18  1:28  Drone  
  19  1:39  Drone  
  20  1:46  Hatchery  
  19  1:49  Drone  
  20  2:03  Queen  
  20  2:04  Drone  
  20  2:05  Drone  
  24  2:09  Pneumatized Carapace  
  24  2:13  Drone  
  25  2:16  Drone  
  25  2:22  Overlord  
  26  2:25  Zergling x2  
  27  2:32  Drone  
  28  2:39  Queen  
  28  2:40  Metabolic Boost  
  30  2:44  Zergling x2  
  30  2:46  Zergling x2  
  30  2:48  Zergling x2  
  33  2:53  Drone  
  33  2:57  Drone  
  35  3:01  Queen  
  35  3:02  Zergling x2  
  39  3:12  Drone  
  39  3:13  Drone x2, Overlord  
  39  3:16  Drone  
  42  3:32  Spore Crawler, Drone x2  
  42  3:33  Spore Crawler, Drone  
  42  3:34  Drone x3  
  45  3:37  Drone  
  45  3:40  Drone  
  48  3:41  Drone  
  48  3:46  Lair  
  49  3:49  Drone  
  49  3:52  Overlord  
  50  3:58  Spore Crawler, Drone  
  50  4:05  Drone, Extractor  
  50  4:06  Extractor  
  50  4:07  Drone  
  50  4:09  Drone  
  50  4:11  Drone x3  
  50  4:12  Drone  
  50  4:13  Drone x2  
  50  4:15  Drone  
  50  4:16  Drone  
  58  4:24  Roach Warren  
  58  4:25  Overlord  
  58  4:26  Drone  
  58  4:30  Overlord  
  58  4:32  Overlord  
  58  4:38  Overlord  
  58  4:48  Nydus Network  
  58  4:50  Overlord  
  57  4:59  Overlord  
  57  5:05  Glial Reconstitution  
  57  5:06  Roach x4  
  57  5:07  Roach x5  
  75  5:10  Overlord  
  75  5:11  Roach  
  75  5:13  Zergling x2  
  78  5:19  Zergling x2  
  78  5:20  Zergling x4  
  78  5:21  Zergling x2  
  74  5:22  Zergling x2  
  74  5:29  Zergling x6, Nydus Canal  
  74  5:33  Roach  
  74  5:34  Roach  
  81  5:38  Roach  
  83  5:43  Nydus Canal  
  83  5:47  Drone x2  
  83  5:48  Drone x4  
  89  5:52  Extractor  
  89  5:53  Drone  
  89  5:54  Evolution Chamber  
  89  5:56  Drone x2  
  83  6:11  Drone x2  
  83  6:12  Drone x4, Overlord  
  83  6:13  Drone  
  83  6:17  Extractor  
  89  6:18  Infestation Pit  
  89  6:19  Zerg Missile Weapons Level 1  
  89  6:22  Drone x2  
  89  6:25  Drone x2  
  92  6:27  Drone  
  92  6:28  Extractor  
  92  6:35  Queen  
  92  6:36  Overlord  
  94  6:47  Overlord x2  
  94  6:48  Overlord  
  93  6:55  Swarm Host  
  93  6:56  Swarm Host x5  
  93  6:59  Swarm Host  
  114  7:03  Overlord  
  114  7:14  Swarm Host x2  
  114  7:15  Swarm Host x2  
  126  7:17  Roach x2  
  126  7:20  Drone x2  
  126  7:21  Swarm Host  
  135  7:27  Swarm Host, Nydus Canal  
  135  7:29  Roach  
  139  7:36  Roach x2  
  144  7:37  Overseer, Roach  
  144  7:39  Overlord  
  144  7:43  Roach  
  146  7:58  Roach x4  
  145  8:06  Roach  
  145  8:07  Roach, Overlord x2  
  145  8:10  Roach x2  
  153  8:13  Nydus Canal  
  153  8:17  Zerg Missile Weapons Level 2  
  153  8:18  Overlord x2  
  155  8:34  Roach x2  
  155  8:35  Roach x4  
  165  8:42  Roach  
  158  8:57  Roach x8  
  158  8:58  Roach x4  
  171  9:02  Ravager x2  
  171  9:03  Ravager x3  
  171  9:04  Nydus Canal  
  171  9:05  Roach  
  177  9:10  Overseer  
  177  9:15  Overlord x3  
  177  9:16  Overlord x2  
  173  9:28  Roach  
  173  9:29  Roach x4  
  173  9:30  Roach  
  169  9:34  Roach x2  
  169  9:35  Roach x2  
  169  9:36  Roach x4  
  185  9:44  Roach  
  185  9:45  Roach  
  187  9:46  Roach  
  187  9:49  Roach  
  187  9:50  Nydus Canal, Roach  
  187  9:52  Roach  
  193  9:53  Ravager x4  
  193  9:57  Roach  
  197  10:23  Roach  
  197  10:25  Roach  
  197  10:26  Roach  
  181  10:29  Roach x8  
  181  10:30  Roach  
  181  10:33  Ravager  
  200  10:52  Roach  
  200  10:53  Roach x5  
  199  10:58  Overlord  
  199  11:01  Infestation Pit  
  199  11:02  Roach  
  200  11:05  Roach  
  200  11:06  Hatchery, Roach  
  155  11:18  Roach  
  155  11:19  Roach x5  
  155  11:25  Roach x3  
  159  11:26  Roach  
  159  11:28  Roach  
  159  11:30  Roach  
  159  11:32  Roach  
  163  11:33  Roach  
  163  11:36  Roach  
  163  11:37  Roach  
  163  11:38  Roach  
  167  11:49  Roach x3  
  167  11:51  Ravager x5  
  167  11:52  Ravager  
  175  11:58  Roach  
  175  11:59  Roach  
  175  12:00  Roach  
  181  12:04  Hive  
  181  12:08  Roach  
  183  12:09  Roach  
  183  12:10  Roach x2  
  183  12:13  Overseer, Roach x2  
  193  12:18  Roach  
  193  12:19  Roach  
  193  12:22  Roach  
  199  12:26  Overlord  
  195  12:39  Spine Crawler x2  
  195  12:40  Spine Crawler  
  195  12:43  Roach  
  187  12:44  Roach x6  
  199  12:55  Roach  
  185  13:02  Roach  
  185  13:03  Roach x6  
  185  13:05  Roach  
  171  13:09  Roach  
  171  13:10  Roach  
  155  13:14  Roach  
  145  13:22  Ravager x5  
  145  13:23  Roach  
  145  13:24  Roach  
  145  13:25  Roach  
  150  13:28  Roach  
  130  13:34  Roach  
  130  13:35  Roach  
  130  13:37  Roach  
  129  13:43  Nydus Canal  
  129  13:44  Roach  
  129  13:47  Roach  
  129  13:48  Roach x2  
  131  13:51  Ravager  
  131  13:52  Roach  
  136  13:56  Roach  
  136  13:58  Roach  
  133  14:03  Roach x2  
  133  14:09  Roach  
  101  14:11  Roach  
Show
View Real Time Build Order
Export as new Build Order

Probe Protoss - Winner!

Build Orders: 1 Gate Expand, Oracle Opening, Phoenix Opening, Chargelot Immortal 

Get SALT Encoding   

  12  0:00  Probe  
  13  0:13  Probe  
  14  0:20  Pylon  
  14  0:25  Probe  
  15  0:38  Probe (Chrono Boost)  
  16  0:43  Gateway  
  16  0:48  Probe (Chrono Boost), Assimilator  
  17  0:53  Probe (Chrono Boost)  
  18  1:05  Probe  
  19  1:17  Probe  
  20  1:23  Nexus  
  20  1:32  Cybernetics Core  
  20  1:36  Probe  
  21  1:44  Assimilator  
  21  1:48  Probe  
  21  1:51  Pylon  
  22  2:00  Probe  
  23  2:07  Adept (Chrono Boost)  
  23  2:08  Probe  
  26  2:16  Probe  
  27  2:23  Stargate  
  27  2:28  Probe (Chrono Boost)  
  28  2:30  Adept  
  28  2:35  Probe (Chrono Boost)  
  31  2:37  Warp Gate  
  33  2:44  Probe (Chrono Boost)  
  33  2:45  Probe (Chrono Boost)  
  33  2:50  Probe (Chrono Boost)  
  34  2:51  Probe  
  35  3:02  Probe  
  35  3:03  Probe  
  37  3:08  Oracle (Chrono Boost)  
  40  3:14  Probe  
  40  3:17  Gateway  
  41  3:21  Probe  
  41  3:25  Pylon  
  41  3:26  Probe, Assimilator  
  43  3:33  Probe  
  44  3:37  Assimilator  
  44  3:38  Probe  
  45  3:42  Phoenix (Chrono Boost), Pylon  
  45  3:46  Probe  
  48  3:50  Probe  
  48  3:53  Robotics Facility  
  49  3:58  Probe  
  49  3:59  Pylon  
  49  4:02  Probe  
  51  4:05  Oracle  
  54  4:10  Probe  
  54  4:14  Probe  
  56  4:20  Pylon  
  56  4:22  Probe  
  57  4:26  Probe  
  57  4:27  Adept x2  
  57  4:30  Pylon  
  62  4:34  Probe  
  63  4:43  Nexus  
  63  4:44  Pylon, Observer  
  64  4:46  Probe  
  64  4:47  Probe  
  64  4:52  Sentry x2  
  70  4:59  Probe  
  71  5:00  Probe  
  71  5:02  Shield Battery  
  71  5:05  Immortal (Chrono Boost)  
  76  5:10  Twilight Council  
  76  5:11  Probe  
  77  5:20  Probe  
  78  5:25  Sentry x2  
  79  5:37  Gateway, Immortal  
  79  5:38  Gateway  
  79  5:40  Charge, Gateway  
  83  5:45  Shield Battery  
  83  5:47  Shield Battery  
  83  5:48  Zealot  
  83  5:49  Zealot  
  87  5:56  Gateway  
  85  6:11  Sentry x2  
  89  6:14  Pylon  
  89  6:16  Pylon  
  89  6:17  Immortal  
  89  6:18  Shield Battery x2  
  89  6:19  Shield Battery  
  89  6:25  Probe x2  
  95  6:31  Probe  
  96  6:34  Forge  
  96  6:37  Probe x2 (Chrono Boost)  
  99  6:47  Probe (Chrono Boost)  
  99  6:49  Probe (Chrono Boost)  
  99  6:53  Immortal  
  101  6:55  Probe (Chrono Boost)  
  101  6:56  Assimilator  
  101  6:57  Pylon, Probe (Chrono Boost), Assimilator  
  101  6:59  Probe (Chrono Boost)  
  108  7:01  Probe (Chrono Boost)  
  108  7:03  Probe  
  108  7:08  Probe  
  112  7:11  Protoss Ground Weapons Level 1 (Chrono Boost)  
  112  7:13  Probe  
  112  7:15  Probe  
  112  7:17  Zealot x5  
  112  7:20  Probe  
  123  7:25  Probe  
  123  7:27  Shield Battery  
  124  7:30  Immortal (Chrono Boost)  
  124  7:32  Shield Battery  
  124  7:35  Templar Archives  
  128  7:37  Pylon  
  128  7:38  Pylon  
  128  7:44  Zealot x2  
  130  7:53  Psionic Storm  
  130  7:55  Zealot x4  
  132  8:07  Zealot x2  
  132  8:09  Immortal (Chrono Boost)  
  138  8:23  High Templar  
  138  8:24  Nexus, High Templar x3  
  146  8:28  Gateway  
  146  8:30  Gateway  
  146  8:39  Pylon  
  146  8:43  Shield Battery  
  144  8:48  Zealot x2  
  142  8:57  Immortal (Chrono Boost)  
  146  9:03  Zealot x4  
  146  9:08  Pylon  
  154  9:10  Pylon x2  
  154  9:12  Pylon  
  154  9:14  Pylon  
  154  9:16  High Templar x2  
  156  9:19  Robotics Facility  
  156  9:22  Pylon  
  156  9:24  Pylon  
  156  9:28  Warp Prism (Chrono Boost), Zealot x5  
  146  9:55  Zealot x3  
  146  9:56  Zealot x5  
  154  10:28  Zealot x8  
  140  10:34  Probe x3, Immortal x2 (Chrono Boost)  
  165  10:47  Protoss Ground Weapons Level 2 (Chrono Boost)  
  165  10:55  Zealot x5  
  171  10:58  Gateway  
  171  11:00  Gateway  
  171  11:01  Probe x4  
  173  11:11  Archon  
  153  11:17  Zealot x5  
  153  11:24  Immortal  
  145  11:41  High Templar x5  
  145  11:43  Probe x4  
  151  11:54  High Templar x2  
  151  11:58  Probe x2  
  151  12:00  Probe  
  151  12:01  Probe, Photon Cannon  
  155  12:05  Photon Cannon  
  155  12:08  Photon Cannon, Immortal (Chrono Boost)  
  155  12:09  Immortal (Chrono Boost)  
  163  12:16  High Templar x5, Assimilator  
  163  12:17  Assimilator  
  163  12:21  Gateway  
  173  12:22  Gateway  
  169  12:32  Archon  
  169  12:33  Archon  
  169  12:41  Immortal x2  
  175  12:45  Zealot x2  
  175  12:48  Archon  
  175  12:51  Zealot x5  
  181  13:02  Archon x2  
  181  13:03  Archon  
  165  13:06  Zealot x2  
  159  13:15  High Templar x5  
  161  13:20  Archon x2, Immortal x2 (Chrono Boost)  
  161  13:25  Zealot x2  
  141  13:41  Zealot  
  141  13:42  Zealot  
  141  13:47  Zealot x7  
  163  13:56  Immortal x2 (Chrono Boost)  
  161  14:05  Zealot x2  
  161  14:09  Zealot x4  
  161  14:10  Zealot x3  
Tags
 
Add a new tag
Caveats
  • Supply blocks, unpowered buildings, or Contaminate may cause inaccurate times.
  • Supply counts are checked every 10 seconds.